SAA
YAKIMA HOPS @ MINNESOTA LOONS
08/17/2028
 
TOP OF THE 1ST
Yakima Hops batting - Pitching for Minnesota Loons : LHP Andrew Moody
Pitching: LHP Andrew Moody
Batting: SHB José Ángel 0-0: Swinging Strike
0-1: Ball
1-1: Ball
2-1: Fly out, F8 (Flyball, 78M)
Batting: LHB Bob Maher 0-0: Ball
1-0: Called Strike
1-1: Called Strike
1-2: Fly out, F9 (Flyball, 9S)
Batting: RHB Jud Regan 0-0: Ground out 6-3 (Groundball, 6)
Top of the 1st over - 0 run(s), 0 hit(s), 0 error(s), 0 left on base; Yakima 0 - Minnesota 0
BOTTOM OF THE 1ST
Minnesota Loons batting - Pitching for Yakima Hops : RHP Brian Walker
Pitching: RHP Brian Walker
Batting: RHB Jorge Echevarría 0-0: Called Strike
0-1: Ball
1-1: Ball
2-1: Fly out, F5 (Line Drive, 5)
Batting: SHB António Zúńiga 0-0: Ball
1-0: Fly out, F8 (Line Drive, 78D)
Batting: RHB Isuru Tanaka 0-0: Called Strike
0-1: Fly out, F9 (Flyball, 9)
Bottom of the 1st over - 0 run(s), 0 hit(s), 0 error(s), 0 left on base; Yakima 0 - Minnesota 0
TOP OF THE 2ND
Yakima Hops batting - Pitching for Minnesota Loons : LHP Andrew Moody
Batting: LHB Pedro Tapia 0-0: Called Strike
0-1: Called Strike
0-2: Ball
1-2: Foul Ball, location: 2F
1-2: Ball
2-2: Strikes out swinging
Batting: RHB Javier Carretero 0-0: Called Strike
0-1: Ground out 5-3 (Groundball, 56)
Batting: RHB Xavier Gama 0-0: Called Strike
0-1: Ball
1-1: SINGLE (Line Drive, 89S)
Batting: RHB Luis Rodríguez 0-0: Ball
Xavier Gama is caught stealing 2nd base
Top of the 2nd over - 0 run(s), 1 hit(s), 0 error(s), 0 left on base; Yakima 0 - Minnesota 0
BOTTOM OF THE 2ND
Minnesota Loons batting - Pitching for Yakima Hops : RHP Brian Walker
Batting: LHB Juan Aranda 0-0: Ball
1-0: Ground out 4-3 (Groundball, 4)
Batting: RHB Salvador Esparza 0-0: Ground out 6-3 (Groundball, 6)
Batting: RHB Jorge Arreola 0-0: Called Strike
0-1: Ball
1-1: Ball
2-1: Fly out, F8 (Flyball, 89M)
Bottom of the 2nd over - 0 run(s), 0 hit(s), 0 error(s), 0 left on base; Yakima 0 - Minnesota 0
TOP OF THE 3RD
Yakima Hops batting - Pitching for Minnesota Loons : LHP Andrew Moody
Batting: RHB Luis Rodríguez 0-0: Called Strike
0-1: SINGLE (Flyball, 89S)
Batting: SHB Adam Staats 0-0: Fielders Choice at 2nd, 1-6 (Groundball, 13S)
Batting: SHB Marlon Webster 0-0: Swinging Strike
0-1: Ball
1-1: Ball
2-1: Called Strike
2-2: Grounds into double play, 6-4-3 (Groundball, 6)
Top of the 3rd over - 0 run(s), 1 hit(s), 0 error(s), 0 left on base; Yakima 0 - Minnesota 0
BOTTOM OF THE 3RD
Minnesota Loons batting - Pitching for Yakima Hops : RHP Brian Walker
Batting: LHB Arnau Zabajeta 0-0: Ball
1-0: Foul Ball, location: 2F
1-1: Ball
2-1: Ball
3-1: DOUBLE (Line Drive, 8LD)
Batting: RHB Randolph Descoteaux 0-0: Ball
Arnau Zabajeta steals 3rd base
1-0: Ball
2-0: Fly out, F9 (Flyball, 89D)
Runner from 3rd tags up, SCORES, no throw
Batting: SHB Chavo Guerrero, Jr. 0-0: Called Strike
0-1: Ball
1-1: Ball
2-1: Called Strike
2-2: Strikes out swinging
Batting: RHB Jorge Echevarría 0-0: Foul Ball, location: 2F
0-1: Foul Ball, location: 2F
0-2: Ball
1-2: Ball
2-2: Foul Ball, location: 2F
2-2: Foul Ball, location: 2F
2-2: Foul Ball, location: 2F
2-2: Strikes out swinging
Bottom of the 3rd over - 1 run(s), 1 hit(s), 0 error(s), 0 left on base; Yakima 0 - Minnesota 1
TOP OF THE 4TH
Yakima Hops batting - Pitching for Minnesota Loons : LHP Andrew Moody
Batting: SHB José Ángel 0-0: Called Strike
0-1: Ball
1-1: Ball
2-1: Ball
3-1: Called Strike
3-2: Ground out 5-3 (Groundball, 56)
Batting: LHB Bob Maher 0-0: Fly out, F7 (Flyball, 78M)
Batting: RHB Jud Regan 0-0: Ball
1-0: Swinging Strike
1-1: Ball
2-1: Ball
3-1: Called Strike
3-2: Strikes out looking
Top of the 4th over - 0 run(s), 0 hit(s), 0 error(s), 0 left on base; Yakima 0 - Minnesota 1
BOTTOM OF THE 4TH
Minnesota Loons batting - Pitching for Yakima Hops : RHP Brian Walker
Batting: SHB António Zúńiga 0-0: Called Strike
0-1: Called Strike
0-2: Ball
1-2: Fly out, F5 (Popup, 5L)
Batting: RHB Isuru Tanaka 0-0: Ball
1-0: Called Strike
1-1: Ground out 1-3 (Groundball, 13S)
Batting: LHB Juan Aranda 0-0: Foul Ball, location: 2F
0-1: Swinging Strike
0-2: Strikes out swinging
Bottom of the 4th over - 0 run(s), 0 hit(s), 0 error(s), 0 left on base; Yakima 0 - Minnesota 1
TOP OF THE 5TH
Yakima Hops batting - Pitching for Minnesota Loons : LHP Andrew Moody
Batting: LHB Pedro Tapia 0-0: Foul Ball, location: 2F
0-1: Swinging Strike
0-2: Strikes out swinging
Batting: RHB Javier Carretero 0-0: Ball
1-0: Ball
2-0: Ball
3-0: Called Strike
3-1: Fly out, F8 (Line Drive, 8RM)
Batting: RHB Xavier Gama 0-0: Called Strike
0-1: Ball
1-1: Ball
2-1: SINGLE (Line Drive, 8LS)
Batting: RHB Luis Rodríguez 0-0: Ball
Throwing error on steal attempt, E2
Xavier Gama to third
1-0: Fly out, F9 (Flyball, 9S)
Top of the 5th over - 0 run(s), 1 hit(s), 1 error(s), 1 left on base; Yakima 0 - Minnesota 1
BOTTOM OF THE 5TH
Minnesota Loons batting - Pitching for Yakima Hops : RHP Brian Walker
Batting: RHB Salvador Esparza 0-0: Ball
1-0: Fly out, F7 (Line Drive, 7LS)
Batting: RHB Jorge Arreola 0-0: Ball
1-0: Ball
2-0: Ball
3-0: Called Strike
3-1: Base on Balls
Batting: LHB Arnau Zabajeta 0-0: Called Strike
0-1: Ball
1-1: Ball
2-1: Swinging Strike
2-2: Fly out, F9 (Flyball, 89M)
Batting: RHB Randolph Descoteaux 0-0: Ball
1-0: Ball
2-0: Ball
3-0: Called Strike
3-1: Base on Balls
Jorge Arreola to second
Batting: SHB Chavo Guerrero, Jr. 0-0: Ball
1-0: Called Strike
1-1: Called Strike
1-2: Fielders Choice at 2nd, 4-6 (Groundball, 4)
Bottom of the 5th over - 0 run(s), 0 hit(s), 0 error(s), 1 left on base; Yakima 0 - Minnesota 1
TOP OF THE 6TH
Yakima Hops batting - Pitching for Minnesota Loons : LHP Andrew Moody
Batting: SHB Adam Staats 0-0: Called Strike
0-1: Foul Ball, location: 2F
0-2: Ball
1-2: Ball
2-2: Ball
3-2: Fly out, F8 (Flyball, 8LM)
Batting: SHB Marlon Webster 0-0: Ball
1-0: SINGLE (Groundball, 6MD)
Batting: SHB José Ángel 0-0: Ball
1-0: Foul Ball, location: 2F
1-1: SINGLE (Groundball, 34S) (infield hit)
Marlon Webster to second
Batting: LHB Bob Maher 0-0: Called Strike
0-1: Swinging Strike
0-2: Ball
1-2: Ball
Wild Pitch!
Marlon Webster to third
José Ángel to second
2-2: Foul Ball, location: 2F
2-2: Fly out, F8 (Flyball, 8RS)
Batting: RHB Jud Regan 0-0: Ball
1-0: Called Strike
1-1: Ball
2-1: Called Strike
2-2: Ball
3-2: Foul Ball, location: 2F
3-2: Foul Ball, location: 2F
3-2: Strikes out swinging
Top of the 6th over - 0 run(s), 2 hit(s), 0 error(s), 2 left on base; Yakima 0 - Minnesota 1
BOTTOM OF THE 6TH
Minnesota Loons batting - Pitching for Yakima Hops : RHP Brian Walker
Batting: RHB Jorge Echevarría 0-0: Fly out, F7 (Flyball, 7LS)
Batting: SHB António Zúńiga 0-0: Called Strike
0-1: Ball
1-1: Ball
2-1: Called Strike
2-2: Fly out, F9 (Line Drive, 9)
Batting: RHB Isuru Tanaka 0-0: Ball
1-0: Ball
2-0: Fly out, F7 (Flyball, 7S)
Bottom of the 6th over - 0 run(s), 0 hit(s), 0 error(s), 0 left on base; Yakima 0 - Minnesota 1
TOP OF THE 7TH
Yakima Hops batting - Pitching for Minnesota Loons : LHP Andrew Moody
Batting: LHB Pedro Tapia 0-0: Called Strike
0-1: Swinging Strike
0-2: Ball
1-2: Foul Ball, location: 2F
1-2: Ball
2-2: Fly out, F8 (Flyball, 8RM)
Batting: RHB Javier Carretero 0-0: Foul Ball, location: 2F
0-1: Swinging Strike
0-2: Ground out 6-3 (Groundball, 6)
Batting: RHB Xavier Gama 0-0: Ball
1-0: Foul Ball, location: 2F
1-1: SINGLE (Line Drive, 7S)
Batting: RHB Luis Rodríguez 0-0: Ball
1-0: Called Strike
1-1: Ball
2-1: Ball
3-1: Base on Balls
Xavier Gama to second
Batting: SHB Adam Staats 0-0: Fielders Choice at 2nd, 5-4 (Groundball, 56)
Top of the 7th over - 0 run(s), 1 hit(s), 0 error(s), 1 left on base; Yakima 0 - Minnesota 1
BOTTOM OF THE 7TH
Minnesota Loons batting - Pitching for Yakima Hops : RHP Brian Walker
Batting: LHB Juan Aranda 0-0: Ball
1-0: Ball
2-0: Ball
3-0: Foul Ball, location: 2F
3-1: Base on Balls
Batting: RHB Salvador Esparza 0-0: Foul Ball, location: 2F
0-1: Ball
1-1: Foul Ball, location: 2F
1-2: Ball
2-2: Foul Ball, location: 2F
2-2: Strikes out swinging
Pinch Hitting: LHB Alfredo Arévalo 0-0: Fly out, F5 (Popup, 5L)
Batting: LHB Arnau Zabajeta 0-0: Called Strike
Juan Aranda steals 2nd base
0-1: Foul Ball, location: 2F
0-2: Foul Ball, location: 2F
0-2: Ground out 4-3 (Groundball, 4)
Bottom of the 7th over - 0 run(s), 0 hit(s), 0 error(s), 1 left on base; Yakima 0 - Minnesota 1
TOP OF THE 8TH
Yakima Hops batting - Pitching for Minnesota Loons : LHP Andrew Moody
Now at 2B: Nathaniel Griffin
Batting: SHB Marlon Webster 0-0: Ball
1-0: Called Strike
1-1: Ball
2-1: Called Strike
2-2: Fly out, F9 (Flyball, 9)
Pitching: RHP José Juárez
Batting: SHB José Ángel 0-0: Fly out, F6 (Line Drive, 6M)
Pitching: LHP Luis Domínguez
Batting: LHB Bob Maher 0-0: Called Strike
0-1: Ball
1-1: Ball
2-1: Ball
3-1: Called Strike
3-2: Base on Balls
Pitching: RHP Ricardo Landrón
Pinch Runner at 1st Mitchell Hobbs:
Pinch Hitting: LHB Jean Tannen 0-0: Ball
1-0: SINGLE (Line Drive, 9LS)
Mitchell Hobbs to second
Batting: LHB Pedro Tapia 0-0: Ball
1-0: Swinging Strike
1-1: Foul Ball, location: 2F
1-2: Strikes out looking
Top of the 8th over - 0 run(s), 1 hit(s), 0 error(s), 2 left on base; Yakima 0 - Minnesota 1
BOTTOM OF THE 8TH
Minnesota Loons batting - Pitching for Yakima Hops : RHP Brian Walker
Pitching: RHP Pieter Spitsbaard
Now in LF: Jean Tannen
Now in CF: Mitchell Hobbs
Batting: RHB Randolph Descoteaux 0-0: Called Strike
0-1: Foul Ball, location: 2F
0-2: Foul Ball, location: 2F
0-2: Fly out, F7 (Flyball, 7S)
Batting: SHB Chavo Guerrero, Jr. 0-0: Called Strike
0-1: Ball
1-1: SINGLE (Line Drive, 9LS)
Pinch Hitting: LHB Gareth Monahan 0-0: Called Strike
0-1: Swinging Strike
0-2: Ball
1-2: Fly out, F9 (Flyball, 9LM)
Batting: SHB António Zúńiga 0-0: Fly out, F8 (Flyball, 8LD)
Bottom of the 8th over - 0 run(s), 1 hit(s), 0 error(s), 1 left on base; Yakima 0 - Minnesota 1
TOP OF THE 9TH
Yakima Hops batting - Pitching for Minnesota Loons : RHP Ricardo Landrón
Pitching: RHP Oriol Razo
Now in CF: Todd Franklin
Batting: RHB Javier Carretero 0-0: Ball
1-0: Foul Ball, location: 2F
1-1: Ball
2-1: Fly out, F8 (Flyball, 89M)
Batting: RHB Xavier Gama 0-0: Called Strike
0-1: Fly out, F9 (Line Drive, 9LD)
Batting: RHB Luis Rodríguez 0-0: Called Strike
0-1: Foul Ball, location: 2F
0-2: Ball
1-2: Strikes out looking
Top of the 9th over - 0 run(s), 0 hit(s), 0 error(s), 0 left on base; Yakima 0 - Minnesota 1
Friday, August 25th, 2017 - OOTP Baseball 17.12 Build 75